 Dungeon Crawl Stone Soup version 0.30.0-15-g856e2d3f33 (webtiles) character file.

Game seed: 9238747677381145010

93 Strat the Shooter (level 4, -1/25 HPs)
             Began as a Tengu Hexslinger on May 18, 2023.
             Slain by a hound (2 damage)
             ... on level 5 of the Dungeon.
             The game lasted 00:03:17 (1371 turns).

Strat the Shooter (Tengu Hexslinger)                Turns: 1371, Time: 00:03:18

Health: -1/25      AC:  3    Str: 10    XL:     4   Next: 62%
Magic:  6/6        EV: 12    Int: 13    God:
Gold:   83         SH:  0    Dex: 17    Spells: 3/5 levels left

rFire   . . .        a - +1 sling
rCold   . . .        (no shield)
rNeg    . . .        c - +0 robe
rPois   .            (helmet restricted)
rElec   .            j - +0 cloak
rCorr   .            (no gloves)
SInv    +            (boots unavailable)
Will    .....        (no amulet)
Stlth   ++           g - ring of see invisible
HPRegen 0.24/turn    (no ring)
MPRegen 0.10/turn

%: no passive effects
@: no status effects
A: beak, talons 3
a: no special abilities


You were on level 5 of the Dungeon.
You visited 1 branch of the dungeon, and saw 5 of its levels.

You collected 83 gold pieces.

Inventory:

Hand Weapons
 a - a +1 sling (weapon)
 f - a +4 hand axe
Armour
 c - a +0 robe (worn)
 j - a +0 cloak (worn)
Jewellery
 g - a ring of see invisible (left hand)
Scrolls
 b - a scroll of poison
 k - a scroll of teleportation
 n - 2 scrolls of summoning {unknown}
Potions
 d - a potion of brilliance {unknown}
 e - a potion of magic {unknown}
 h - a potion of might {unknown}
 l - 3 potions of haste {unknown}
 m - a potion of mutation {unknown}


   Skills:
 - Level 1.0 Fighting
 + Level 5.2 Ranged Weapons
 - Level 2.1 Dodging
 - Level 1.0 Spellcasting
 - Level 2.1 Hexes


You had 3 spell levels left.
You knew the following spells:

 Your Spells              Type           Power      Damage    Failure   Level
a - Slow                  Hex            24%        N/A       12%         1
b - Kiss of Death         Conj/Necr      0%         2d5       28%         1

Your spell library contained the following spells:

 Spells                   Type           Power      Damage    Failure   Level
 Confusing Touch          Hex            6%         N/A       34%         3
 Dazzling Flash           Conj/Hex       6%         N/A       47%         3
 Inner Flame              Hex/Fire       3%         N/A       47%         3
 Portal Projectile        Hex/Tloc       6%         N/A       47%         3
 Volatile Blastmotes      Fire/Tloc      0%         2d10      63%         3
 Cause Fear               Hex            3%         N/A       75%         4
 Dispel Undead            Necr           0%         3d6       95%         4
 Iskenderun's Mystic Bla  Conj/Tloc      0%         2d3       95%         4
 Starburst                Conj/Fire      0%         6d3       100%        6


Dungeon Overview and Level Annotations

Branches:
Dungeon (6/15)
 Temple: D:4-7

Altars:

Shops:
D:1 !


Innate Abilities, Weirdness & Mutations

You have a beak for a mouth.
You have claws for feet.


Message History

The orc priest hits you with a +0 flail!
* * * LOW HITPOINT WARNING * * *
You are too injured to fight recklessly!
Unknown command.
The orc shouts!
The hound bites you.
* * * LOW HITPOINT WARNING * * *
The hound bites you.
* * * LOW HITPOINT WARNING * * *
The orc priest attacks as you move away!
The orc priest barely misses you. The hound attacks as you move away!
The hound barely misses you. The hound completely misses you.
The hound attacks as you move away! The hound bites you.
* * * LOW HITPOINT WARNING * * *
The hound bites you but does no damage. The hound attacks as you move away!
The hound bites you.
* * * LOW HITPOINT WARNING * * *
The hound pauses to sniff the ground.
The hound bites you.
* * * LOW HITPOINT WARNING * * *
The hound barely misses you. The hound misses you.
Found 12 gold pieces.
The hound attacks as you move away! The hound bites you.
* * * LOW HITPOINT WARNING * * *
The hound bites you.
* * * LOW HITPOINT WARNING * * *
The hound attacks as you move away! The hound closely misses you.
The hound closely misses you. The hound attacks as you move away!
The hound bites you but does no damage.
You see here 12 gold pieces.
The hound attacks as you move away! The hound barely misses you.
The hound bites you.
* * * LOW HITPOINT WARNING * * *
The hound barely misses you. The hound attacks as you move away!
The hound bites you.
* * * LOW HITPOINT WARNING * * *
The hound bites you.
You die...

### #.. #.# #.#
#@# #h# #.# #.#
#o# #$# #o#######
#.#.....#
#.#.###.##########


You could see a hound, an orc priest and an orc.

Vanquished Creatures
  5 adders
  An orc (D:5)
  7 endoplasms
  3 giant cockroaches
  4 goblins
  6 hobgoblins
  3 quokkas
  5 ball pythons
  3 bats
  8 frilled lizards
  A kobold (D:1)
  2 rats
48 creatures vanquished.

Notes
Turn   | Place    | Note
-------+----------+-------------------------------------------
     0 | D:1      | Strat the Tengu Hexslinger began the quest for the Orb.
     0 | D:1      | Reached XP level 1. HP: 12/12 MP: 3/3
   163 | D:1      | Found Xyuka's Distillery.
   304 | D:1      | Reached XP level 2. HP: 16/16 MP: 4/4
   321 | D:1      | Reached skill level 3 in Ranged Weapons
   650 | D:2      | Reached XP level 3. HP: 20/20 MP: 5/5
   653 | D:2      | Reached skill level 4 in Ranged Weapons
   905 | D:2      | Reached XP level 4. HP: 25/25 MP: 6/6
   919 | D:2      | Learned a level 1 spell: Kiss of Death
   969 | D:2      | Reached skill level 5 in Ranged Weapons
  1139 | D:3      | You fall into a shaft and drop 3 floors!
  1159 | D:6      | Noticed an ogre
  1228 | D:5      | Entered Level 5 of the Dungeon
  1370 | D:5      | HP: 1/25 [hound (1)]
  1371 | D:5      | Slain by a hound

Illustrated notes

Levels and vault maps discovered:
D:1:      minmay_arrival_radiant_lines, layout_loops_ring, serial_shops,
          nicolae_shop_peninsula, minmay_misc_feat_plants
D:2:      minmay_angry_zag, layout_basic
D:3:      layout_loops_ring, old_standard_altar, portal_sewer_entry_b,
          shapermc_ecumenical_altar_ellora
D:5:      layout_basic, tso_metal_star
D:6:      layout_basic, mainiacjoe_overflow_small_starburst, tgw_fedhas,
          hellmonk_okawaru_the_only_friend_you_need

Skill      XL: |  1  2  3  4 |
---------------+-------------+-----
Ranged Weapons | 3 4 5 |  5.2
Fighting       | |  1.0
Dodging        | |  2.1
Spellcasting   | |  1.0
Hexes          | |  2.1

Action                     |  1- 3 |  4- 6 || total
---------------------------+-------+-------++-------
   Fire: Sling             |    96 |    38 ||   134
   Cast: Slow              |       |     2 ||     2
    Use: Scroll            |       |     2 ||     2
 Armour: Robe              |     9 |     6 ||    15
  Dodge: Dodged            |    29 |    23 ||    52
